 Dungeon Crawl Stone Soup version 0.31-a0-145-g046c7d2549 (webtiles) character file.

Game seed: 6357723414934081442

2 Irreverend the Grave Robber (level 1, 0/10 HPs)
             Began as a Vampire Necromancer on June 6, 2023.
             Constricted to death by a ball python (1 damage)
             ... on level 1 of the Dungeon.
             The game lasted 00:01:08 (78 turns).

Irreverend the Grave Robber (Vampire Necromancer)     Turns: 78, Time: 00:01:09

Health: 0/10       AC:  2    Str:  7    XL:     1   Next: 33%
Magic:  3/3        EV:  9    Int: 17    God:
Gold:   13         SH:  0    Dex: 14    Spells: 3/4 levels left

rFire   . . .        (no weapon)
rCold   + + .        (no shield)
rNeg    + + +        a - +0 robe
rPois   ∞            (no helmet)
rElec   .            (no cloak)
rCorr   .            (no gloves)
SInv    +            (no boots)
Will    .....        (no amulet)
Stlth   ++++         (no ring)
HPRegen 0.00/turn    (no ring)
MPRegen 0.08/turn

%: no passive effects
@: bloodless, inhibited regen, constricted
A: bloodless, fangs 3, see invisible, vampiric 1
a: Revivify


You were on level 1 of the Dungeon.
You visited 1 branch of the dungeon, and saw 1 of its levels.

You collected 13 gold pieces.

Inventory:

Armour
 a - a +0 robe (worn)
Potions
 b - a potion of magic


   Skills:
 + Level 2.2 Dodging
 + Level 3.1 Stealth
 + Level 2.0 Spellcasting
 + Level 4.4 Necromancy


You had 3 spell levels left.
You knew the following spells:

 Your Spells              Type           Power      Damage    Failure   Level
a - Necrotise             Necr           64%        1d7       3%          1

Your spell library contained the following spells:

 Spells                   Type           Power      Damage    Failure   Level
 Vampiric Draining        Necr           16%        2d7       10%         3
 Animate Dead             Necr           16%        N/A       30%         4
 Agony                    Necr           16%        N/A       65%         5


Dungeon Overview and Level Annotations

Branches:
Dungeon (1/15)

Altars:


Innate Abilities, Weirdness & Mutations

You do not regenerate when monsters are visible.
You are frail without blood (-20% HP).
You can heal yourself when you bite living creatures.
You are immune to poison.
You have razor-sharp teeth.
You have supernaturally acute eyesight. (SInv)
You are afflicted with vampirism.


Message History

The endoplasm freezes you.
You are frozen.
You resist.
You hit the endoplasm but do no damage.
The endoplasm is severely wounded.
The endoplasm quivers.
The endoplasm jiggles.
The endoplasm freezes you.
You are frozen.
You resist.
You hit the endoplasm but do no damage.
The endoplasm is severely wounded.
The endoplasm closely misses you.
You hit the endoplasm. You bite the endoplasm.
You kill the endoplasm!
The endoplasm hits you.
A ball python and a giant cockroach come into view.
The ball python hisses angrily.
The endoplasm closely misses you. The endoplasm hits you.
Continue your ritual? [Y]es or [N]o only, please.
Continue your ritual?
You stop revivifying.
* * * LOW HITPOINT WARNING * * *
You hit the endoplasm. You bite the endoplasm.
The endoplasm is moderately wounded.
The endoplasm freezes you.
You are frozen.
You resist.
* * * LOW HITPOINT WARNING * * *
You hit the endoplasm.
The endoplasm is severely wounded.
The endoplasm freezes you.
You are frozen.
You resist.
* * * LOW HITPOINT WARNING * * *
You barely miss the endoplasm.
The endoplasm is severely wounded.
The endoplasm barely misses you.
You hit the endoplasm but do no damage.
The endoplasm is severely wounded.
The ball python barely misses you. The ball python grabs you.
The ball python constricts you.
You die...

### #...#......#
#.#..#..#..# .####
#.##.......# ......
#.#######..# ......
#......(..##
......####....######
..............#
#.BSJ.....[#
#...@...####
#########


You could see an endoplasm, a giant cockroach and a ball python.

Vanquished Creatures
  An endoplasm (D:1)
  A hobgoblin (D:1)
2 creatures vanquished.

Notes
Turn   | Place    | Note
-------+----------+-------------------------------------------
     0 | D:1      | Irreverend the Vampire Necromancer began the quest for the
                  | Orb.
     0 | D:1      | Reached XP level 1. HP: 13/13 MP: 3/3
    78 | D:1      | Constricted to death by a ball python

Illustrated notes

Levels and vault maps discovered:
D:1:      erik_arrival_blinker_ship, layout_basic

Action                     || total
---------------------------++-------
  Melee: Unarmed           ||    16
         Punch             ||     2
         Bite              ||     2
   Cast: Necrotise         ||     2
Ability: Exsanguinate      ||     1
         Revivify          ||     1
 Armour: Robe              ||     1
  Dodge: Dodged            ||     7

Table legend: (Time is in decaauts)
 A = Elapsed time spent in this place.
 B = Non-inter-level travel time spent in this place.
 C = Inter-level travel time spent in this place.
 D = Time resting spent in this place.
 E = Time spent auto-exploring this place.
 F = Levels seen in this place.
 G = Mean time per level.
                   A        B        C        D        E       F      G
               +--------+--------+--------+--------+--------+-----+--------+
         Total |     78 |     78 |      0 |      0 |     45 |   1 |   78.0 |
       Dungeon |     78 |     78 |      0 |      0 |     45 |   1 |   78.0 |
               +--------+--------+--------+--------+--------+-----+--------+

Top non-repeatable levels by time:
     D:1: 78 daAuts
